 Dungeon Crawl Stone Soup version 0.29.1-2-gbd0b4ee654 (webtiles) character file.

Game seed: 17767424122455465634

4710 hiiriolo the Skirmisher (level 10, -9/61 HPs)
             Began as a Kobold Hunter on Nov 15, 2022.
             Was a High Priest of Elyvilon.
             Mangled by a gargoyle
             ... wielding a +0 morningstar
              (13 damage)
             ... on level 10 of the Dungeon.
             The game lasted 00:35:37 (10982 turns).

hiiriolo the Skirmisher (Kobold Hunter)            Turns: 10982, Time: 00:35:37

Health: -9/61      AC:  5    Str: 11    XL:     10   Next: 73%
Magic:  10/10      EV: 19    Int: 15    God:    Elyvilon [*****.]
Gold:   328        SH:  0    Dex: 26    Spells: 9/9 levels left

rFire   + . .      SeeInvis .   b - +3 quick blade "Kyho" {freeze, rElec rN+ Int+4}
rCold   . . .      Faith    .   (no shield)
rNeg    + . .      Spirit   .   y - +1 leather armour of Least Resistance {rF+ Str+2 Dex+4}
rPois   .          Reflect  .   (no helmet)
rElec   +          Harm     .   F - scarf {shadows}
rCorr   +          Rampage  .   G - +0 pair of gloves
Will    .....                   (no boots)
Stlth   ++++++....              (no amulet)
HPRegen 0.20/turn               i - ring of resist corrosion
MPRegen 0.12/turn               (no ring)

@: no status effects
A: small, no large weapons, nightstalker 3
a: Renounce Religion, Purification, Heal Other, Heal Self, Divine Vigour


You were on level 10 of the Dungeon.
You worshipped Elyvilon.
Elyvilon was extremely pleased with you.
You visited 1 branch of the dungeon, and saw 10 of its levels.
You also visited: Sewer.

You collected 403 gold pieces.
You spent 75 gold pieces at shops.

Inventory:

Hand Weapons
 a - a +1 shortbow
 b - the +3 quick blade "Kyho" (weapon) {freeze, rElec rN+ Int+4}
   (You acquired it on level 6 of the Dungeon)

   It freezes those it strikes, dealing additional cold damage.
   It can also slow down cold-blooded creatures.
   Int:       It affects your intelligence (+4).
   rElec:     It insulates you from electricity.
   rN:        It protects you from negative energy.
 f - a +1 short sword of venom
 l - a +2 dagger of freezing
Missiles
 p - 3 datura-tipped darts
 w - 3 boomerangs
 x - 17 poisoned darts
 J - 2 curare-tipped darts
Armour
 y - the +1 leather armour of Least Resistance (worn) {rF+ Str+2 Dex+4}
   (You found it on level 4 of the Dungeon)

   Str:       It affects your strength (+2).
   Dex:       It affects your dexterity (+4).
   rF:        It protects you from fire.
 F - a scarf of shadows (worn)
 G - a +0 pair of gloves (worn)
Jewellery
 c - a ring of protection from fire
 i - a ring of resist corrosion (left hand)
 D - a ring of see invisible
Wands
 E - a wand of quicksilver (5)
 H - a wand of iceblast (5)
Scrolls
 d - 3 scrolls of summoning
 h - 3 scrolls of enchant armour
 j - 2 scrolls of poison {unknown}
 k - 2 scrolls of blinking {unknown}
 n - 2 scrolls of magic mapping
 q - a scroll of immolation
 r - 3 scrolls of amnesia
 t - a scroll of silence
 z - a scroll of vulnerability {unknown}
Potions
 g - a potion of heal wounds
 m - a potion of curing
 o - 2 potions of lignification {unknown}
 s - 3 potions of degeneration
 u - a potion of berserk rage {unknown}
 v - a potion of ambrosia {unknown}
 A - 3 potions of mutation {unknown}
 B - a potion of might {unknown}
 C - 5 potions of flight
 K - 2 potions of cancellation {unknown}
 L - a potion of brilliance {unknown}


   Skills:
 + Level 6.7 Fighting
 + Level 8.7 Short Blades
 + Level 10.2 Ranged Weapons
 + Level 4.0 Armour
 + Level 5.9 Dodging
 + Level 10.2 Stealth
 + Level 0.4 Invocations
 + Level 2.0 Evocations


You had 9 spell levels left.
You didn't know any spells.
Your spell library contained the following spells:

 Spells                   Type           Power      Damage    Failure   Level
 Slow                     Hex            0%         N/A       34%         1
 Call Canine Familiar     Summ           0%         N/A       71%         3
 Confusing Touch          Hex            0%         N/A       71%         3
 Dazzling Flash           Conj/Hex       0%         N/A       71%         3
 Ozocubu's Armour         Ice            0%         N/A       71%         3
 Portal Projectile        Hex/Tloc       0%         N/A       71%         3
 Vampiric Draining        Necr           0%         2d6       71%         3
 Hailstorm                Conj/Ice       0%         3d3       98%         4
 Ice Form                 Ice/Tmut       0%         N/A       98%         4
 Leda's Liquefaction      Hex/Erth       0%         N/A       98%         4
 Agony                    Necr           0%         N/A       100%        5
 Metabolic Englaciation   Hex/Ice        0%         N/A       100%        5
 Silence                  Hex/Air        0%         N/A       100%        5
 Simulacrum               Ice/Necr       0%         N/A       100%        6


Dungeon Overview and Level Annotations

Branches:
Dungeon (10/15)            Temple (0/1) D:5           Sewer (visited)
   Lair: D:8-11         Orc: D:9-12

Altars:
Elyvilon
Zin

Shops:
D:6 *

Annotations:
D:3 Natasha
D:8 Gastronok


Innate Abilities, Weirdness & Mutations

You are small and have problems with some larger weapons.
You are completely attuned to the shadows.


Message History

You feel sick.
You feel much better.
You feel sick.
You are no longer poisoned.
The kobold brigand misses you.
Okay, then.
As you read the scroll of fear, it crumbles to dust.
You assume a fearsome visage.
The gargoyle is unaffected.
The kobold brigand looks frightened!
The kobold looks frightened!
Cornered, the kobold turns to fight!
A yak comes into view.
Found a potion of heal wounds.
The kobold attacks as you move away!
The kobold closely misses you. 3 yaks come into view.
Found a tapered brass wand.
A wraith comes into view.
The yak bellows! x3; You hear a bellow!
You hear a shout!
A yak comes into view.
The teleport trap disappears.
The yak disappears!
The kobold hits you but does no damage. The yak completely misses you.
You hear a bellow!
A yak comes into view.
The yak bellows! x2
The yak gores you! The yak misses you. The wraith misses you.
The yak gores you!
* * * LOW HITPOINT WARNING * * *
The kobold hits you but does no damage. The kobold closely misses you.
The yak misses you. The wraith misses you. The wraith attacks as you move away!
The wraith hits you!
* * * LOW HITPOINT WARNING * * *
The gargoyle attacks as you move away!
The gargoyle hits you with a +0 morningstar!
Elyvilon protects you from harm! The yak attacks as you move away!
The yak closely misses you.
Found a stone staircase leading down.
You feel yourself speed up. The wraith attacks as you move away!
The wraith misses you. The yak attacks as you move away! The yak misses you.
The yak attacks as you move away! The yak closely misses you.
The gargoyle hits you with a +0 morningstar!
You die...

... .# #..#.##
###..## ##..#...
....... ...K.9..
#YY.Y. ....#)##
###...###########.#
>.WYY.....(.#####9#
##.9K#####.##..K.#
#@!.# #.....9K..#
#../. ..#####...#
..... ## ###..
...### ##


You could see 2 yaks, a wraith, a gargoyle and a kobold.

Vanquished Creatures
  A troll (D:10)
  Sigmund (D:2)
  6 yaks (D:10)
  Eustachio (D:6)
  2 vampire mosquitoes (D:8)
  A water moccasin (D:6)
  An ice beast (D:5)
  2 sky beasts (D:7)
  A black bear (D:8)
  4 centaurs
  An ogre (D:6)
  2 phantoms (D:5)
  4 kobold brigands
  2 bullfrogs
  A gnoll sergeant (D:6)
  2 necrophages
  2 scorpions
  9 wights (D:8)
  3 killer bees (D:9)
  A howler monkey (D:8)
  An orc priest (D:6)
  A hound (D:7)
  3 jellies
  4 iguanas
  Natasha (twice) (D:3)
  4 orc wizards
  3 gnolls (D:6)
  13 adders
  3 river rats (Sewer)
  A white imp (D:7)
  A worm (Sewer)
  4 dart slugs
  17 orcs
  7 ball pythons
  10 bats
  6 endoplasms
  8 giant cockroaches
  11 goblins
  14 hobgoblins
  5 jackals
  22 kobolds
  11 quokkas
  8 frilled lizards
  4 rats
210 creatures vanquished.

Notes
Turn   | Place    | Note
-------+----------+-------------------------------------------
     0 | D:1      | hiiriolo the Kobold Hunter began the quest for the Orb.
     0 | D:1      | Reached XP level 1. HP: 12/12 MP: 1/1
   104 | D:1      | Reached XP level 2. HP: 6/17 MP: 2/2
   685 | D:1      | Reached XP level 3. HP: 22/22 MP: 3/3
  1582 | D:1      | Found a faded altar of an unknown god.
  1589 | D:1      | Prayed at the altar of an unknown god.
  1589 | D:1      | Became a worshipper of Elyvilon the Healer
  1589 | D:1      | Reached * piety under Elyvilon
  1677 | D:2      | Noticed Sigmund
  1856 | D:2      | Reached XP level 4. HP: 27/27 MP: 4/4
  1867 | D:2      | Killed Sigmund
  1868 | D:2      | Reached skill level 1 in Short Blades
  1868 | D:2      | Reached skill level 1 in Armour
  1868 | D:2      | Reached XP level 5. HP: 28/32 MP: 5/5
  1868 | D:2      | Reached XP level 6. HP: 31/36 MP: 6/6
  2044 | D:2      | Reached ** piety under Elyvilon
  2867 | D:3      | Noticed Natasha
  2876 | D:3      | Killed Natasha
  3003 | D:3      | Noticed Natasha
  3010 | D:3      | Killed Natasha
  3083 | D:3      | Noticed Natasha
  3179 | D:4      | Reached *** piety under Elyvilon
  3222 | D:4      | Identified the +1 leather armour of Least Resistance {rF+
                  | Str+2 Dex+4}
  3466 | D:4      | Reached XP level 7. HP: 18/41 MP: 7/7
  4567 | D:5      | Entered Level 5 of the Dungeon
  4612 | D:5      | Reached **** piety under Elyvilon
  4743 | D:5      | Found a glowing silver altar of Zin.
  4801 | D:5      | Found a glowing drain.
  4813 | Sewer    | Entered a sewer
  5082 | Sewer    | Reached XP level 8. HP: 48/48 MP: 8/8
  6177 | D:5      | Found a staircase to the Ecumenical Temple.
  6284 | D:6      | Noticed Eustachio
  6305 | D:6      | Identified a scroll of acquirement
  6306 | D:6      | Acquired the +3 quick blade "Kyho" {freeze, rElec rN+
                  | Int+4}
  6393 | D:6      | Found Eddun's General Store.
  6398 | D:6      | Bought a scroll of identify for 30 gold pieces
  6398 | D:6      | Bought a potion of curing for 45 gold pieces
  6850 | D:6      | Killed Eustachio
  7065 | D:6      | Reached skill level 5 in Short Blades
  7065 | D:6      | Reached XP level 9. HP: 53/53 MP: 9/9
  7417 | D:6      | Reached skill level 1 in Evocations
  7421 | D:6      | Reached skill level 5 in Fighting
  7489 | D:6      | Reached skill level 5 in Stealth
  8283 | D:7      | Reached ***** piety under Elyvilon
  8519 | D:7      | Reached skill level 5 in Dodging
  8811 | D:8      | Reached skill level 10 in Ranged Weapons
  9045 | D:8      | Reached XP level 10. HP: 35/60 MP: 10/10
  9065 | D:8      | Noticed Gastronok
 10402 | D:10     | Entered Level 10 of the Dungeon
 10873 | D:10     | Reached skill level 10 in Stealth
 10948 | D:10     | Noticed a gargoyle
 10970 | D:10     | Elyvilon protects you from harm!
 10981 | D:10     | Elyvilon protects you from harm!
 10982 | D:10     | Mangled by a gargoyle

Illustrated notes

Levels and vault maps discovered:
D:1:      roderic_crop_circles_arrival_small, layout_basic,
          hellmonk_ecumenical_altar_inner_sanctum
D:2:      layout_basic, uniq_sigmund
D:3:      layout_loops_ring, minmay_misc_feat_pillars, chequers_avenue,
          chequers_serial_rivers_micro_c, lightli_corner_chamber, uniq_natasha
D:4:      layout_basic
D:5:      layout_cave_pools, zin_scriptorium, minmay_temple_entry_hall,
          gup_sewer_entry_pipe, minmay_puff
D:6:      layout_basic, serial_shops, nicolae_shop_hallway_plus,
          minmay_strange_pillars, hangedman_decor_opposing,
          kennysheep_generic_room_6, uniq_eustachio
D:7:      layout_basic
D:8:      layout_layer_cave, uniq_gastronok
D:9:      layout_loops_ring, lemuel_doored_altar, uniq_maurice
D:10:     layout_loops_ring, mainiacjoe_overflow_catch_the_wave

Skill      XL: |  1  2  3  4  5  6  7  8  9 10 |
---------------+-------------------------------+-----
Ranged Weapons | 6 7 8 9 10 | 10.2
Short Blades   | 1 2 5 7 8 |  8.7
Armour         | 1 2 3 4 |  4.0
Dodging        | 3 4 5 |  5.9
Fighting       | 3 4 5 6 |  6.7
Stealth        | 2 4 7 10 | 10.2
Evocations     | 1 2 |  2.0
Invocations    | |  0.4

Action                   |  1- 3 |  4- 6 |  7- 9 | 10-12 || total
-------------------------+-------+-------+-------+-------++-------
Melee: Short sword       |    29 |    30 |   173 |       ||   232
       Punch             |       |     1 |     9 |     4 ||    14
       Quick blade       |       |       |   222 |   190 ||   412
 Fire: Shortbow          |    63 |    53 |    52 |     3 ||   171
Invok: Heal Self         |       |       |     1 |       ||     1
Evoke: Wand              |       |       |     5 |     3 ||     8
  Use: Scroll            |       |     1 |    13 |     5 ||    19
       Potion            |       |       |     4 |     4 ||     8
 Stab: Sleeping          |       |       |    14 |    13 ||    27
       Paralysed         |       |       |     3 |       ||     3
       Distracted        |       |       |       |     2 ||     2
Armor: Leather armour    |    26 |     3 |    56 |    11 ||    96
Dodge: Dodged            |    45 |    24 |   255 |    76 ||   400
